 Dungeon Crawl Stone Soup version 0.21.1-1-g345015f (webtiles) character file.

83 infcreate the Shield-Bearer (level 4, 40/40 HPs)
             Began as a Minotaur Fighter on June 11, 2018.
             Got out of the dungeon alive.
             The game lasted 00:03:43 (877 turns).

infcreate the Shield-Bearer (Minotaur Fighter)       Turns: 877, Time: 00:03:43

Health: 40/40      AC:  7    Str: 22    XL:     4   Next: 22%
Magic:  3/3        EV:  8    Int:  5    God:
Gold:   50         SH:  9    Dex:  9    Spells: 3/3 levels left

rFire    . . .     SeeInvis .   a - +0 war axe
rCold    . . .     Gourm    .   c - +0 shield
rNeg     . . .     Faith    .   b - +0 scale mail
rPois    .         Spirit   .   (helmet restricted)
rElec    .         Reflect  .   (no cloak)
rCorr    .         Harm     .   (no gloves)
MR       .....                  (no boots)
Stlth    ..........             (no amulet)
HPRegen  0.13/turn              (no ring)
MPRegen  0.08/turn              (no ring)

@: no status effects
A: retaliatory headbutt, horns 2
a: no special abilities


You escaped.
You were not hungry.

You visited 1 branch of the dungeon, and saw 2 of its levels.

You collected 50 gold pieces.

Inventory:

Hand Weapons
 a - a +0 war axe (weapon)
Armour
 b - a +0 scale mail (worn)
 c - a +0 shield (worn)
Scrolls
 e - 2 scrolls of fog {unknown}
 g - 2 scrolls of teleportation {unknown}
 i - 2 scrolls of remove curse {unknown}
 k - a scroll of enchant armour {unknown}
 l - a scroll of identify {unknown}
Potions
 d - a potion of might
 h - 6 potions of curing {unknown}
 j - a potion of lignification {unknown}
Comestibles
 f - 4 rations


   Skills:
 + Level 4.1 Fighting
 + Level 3.2 Axes
 + Level 4.2 Armour
 + Level 0.6 Dodging
 + Level 4.7 Shields


You had 3 spell levels left.
You didn't know any spells.

Dungeon Overview and Level Annotations

Branches:
Dungeon (2/15)

Altars:


Innate Abilities, Weirdness & Mutations

You reflexively headbutt those who attack you in melee.
You have a pair of horns on your head.


Message History

No target in view!
No target in view!
Search for what [? for help]?
Okay, then.
Fire/throw which item? (* to show all) (? for menu, Esc to quit)
Okay, then.
Saving game... please wait.
Welcome back, infcreate the Minotaur Fighter.
Press ? for a list of commands and other information.
Welcome back, infcreate the Minotaur Fighter.
Press ? for a list of commands and other information.
There is a stone staircase leading up here.
You climb upwards.
There is a stone staircase leading down here.
There is an open door here.
There is an open door here.
There is an open door here.
There is a staircase leading out of the dungeon here.
Are you sure you want to leave the Dungeon?
This will make you lose the game!
You have escaped!

#.# #.............# #.....# #.#
#.###########.# ##..#.# #.#
#..#.......#..# #..#.# #.######
#.#.#######.#.# #..#.# #......#
#.##.......##.# ##.#.## ######.#
#.#.###+###.#.# ###..... .....#.#
#.#.#.....#.#.# #....###
.....#.###.#.#.....#.#.###.##..#
.....#.'.'.#.+..@..+.#.'.'.##..#
.......###.#.#.....#.#.#######.##
.....### #.#.#...).#.#.# #..#
.....# #.#.###'###.#.########.#
.....# #.##.......##.##........
###..# #.#(#######.#.##........ #
##.# #..#.......#..##.......>
####.# #.###########.##........
)....# #.............##........


There were no monsters in sight!

Vanquished Creatures
  Jessica (D:2)
  2 adders (D:2)
  A gnoll (D:1)
  A worm (D:2)
  A leopard gecko (D:1)
  A ball python (D:1)
  8 goblins
  A hobgoblin (D:1)
  5 bats (D:1)
  2 kobolds (D:1)
  3 rats (D:1)
26 creatures vanquished.

Notes
Turn   | Place    | Note
-------+----------+-------------------------------------------
     0 | D:1      | infcreate the Minotaur Fighter began the quest for the Orb.
     0 | D:1      | Reached XP level 1. HP: 19/19 MP: 0/0
   169 | D:1      | Reached XP level 2. HP: 25/27 MP: 1/1
   350 | D:1      | Reached XP level 3. HP: 17/33 MP: 2/2
   785 | D:2      | Noticed Jessica
   792 | D:2      | Killed Jessica
   829 | D:2      | Reached XP level 4. HP: 40/40 MP: 3/3
   877 | D:$      | Got out of the dungeon alive.

Skill      XL: |  1  2  3 |
---------------+----------+-----
Armour         | 4 |  4.2
Shields        | 4 |  4.7
Fighting       | 4 |  4.1
Axes           | 3 |  3.2
Dodging        | |  0.6

Action                   |  1- 3 |  4- 6 || total
-------------------------+-------+-------++-------
Melee: War axe           |    50 |     5 ||    55
       Headbutt          |     7 |     2 ||     9
Armor: Scale mail        |    21 |     4 ||    25
Dodge: Dodged            |    16 |     1 ||    17
Block: Shield            |    30 |     3 ||    33
